 Dungeon Crawl Stone Soup version 0.14-a0-1663-g0b35444 (webtiles) character file.

525 Nicoed the Chopper (level 6, 0/53 HPs)
             Began as a Lava Orc Fighter on Dec 29, 2013.
             Was an Initiate of Okawaru.
             Killed by drain life
             ... invoked by a soul eater
             ... summoned by the anger of Yredelemnul
              (11 damage)
             ... on Level 4 of the Dungeon.
             The game lasted 00:14:16 (4614 turns).

Nicoed the Chopper (Lava Orc Fighter)               Turns: 4614, Time: 00:14:17

HP   0/53        AC  5     Str 21      XL: 6   Next: 33%
MP   6/6         EV  8     Int 13      God: Okawaru [......]
Gold 175         SH 20     Dex 10      Spells:  0 memorised,  5 levels left

rFire  + + +     SeeInvis .     a - +0 orc hand axe
rCold  x . .     Clarity  .     q - +0 ring mail
rNeg   . . .     Conserve .     c - +0 orc shield
rPois  .         rCorr    .     (no helmet)
rElec  .         rRot     .     (no cloak)
SustAb . .       Spirit   .     (no gloves)
rMut   .         Warding  .     (no boots)
Saprov + . .     Stasis   .     (no amulet)
                                (no ring)
                                (no ring)

@: brilliant, drained, quick, slightly resistant to hostile enchantments,
extremely unstealthy
A: conserve scrolls, speed 1, saprovore 1
a: Renounce Religion


You were on level 4 of the Dungeon.
You worshipped Okawaru.
Okawaru was noncommittal.
You were not hungry.

You visited 2 branches of the dungeon, and saw 5 of its levels.

You collected 200 gold pieces.
You spent 25 gold pieces at shops.

Inventory:

Hand weapons
 a - a +0,+0 orcish hand axe (weapon)
 g - a +1,+2 scythe of dragon slaying
Armour
 c - a +0 orcish shield (worn)
 q - a +0 ring mail (worn)
Magical devices
 n - a wand of frost (12)
Comestibles
 d - a bread ration
 f - a sausage
Scrolls
 e - a scroll of immolation {unknown}
 h - a scroll of fog {unknown}
 j - a scroll of curse jewellery {unknown}
 l - a scroll of blinking {unknown}
 m - a scroll of curse weapon {unknown}
 p - a scroll of teleportation {unknown}
 r - a scroll of recharging
Jewellery
 o - a +3 ring of protection {unknown}


   Skills:
 + Level 4.4(3.5) Fighting
 + Level 4.6(3.7) Axes
 + Level 4.5(3.6) Armour
 + Level 2.1(1.3) Dodging
 + Level 0.1(0.0) Stealth
 + Level 4.6(3.7) Shields


You had 5 spell levels left.
You didn't know any spells.

Dungeon Overview and Level Annotations

Branches:
Dungeon (4/16)             Temple (1/1) D:4

Altars:
Ashenzari
Elyvilon
Fedhas
Makhleb
Nemelex Xobeh
Okawaru
Sif Muna
Trog
Vehumet
Xom
Yredelemnul
Zin
the Shining One

Shops:
D:1 !


Innate Abilities, Weirdness & Mutations

You have stony skin.
Your flesh is almost immune to the effects of heat.
Your fire spells are more powerful.
Your flesh is vulnerable to cold.
Your heat harms attackers.
You bathe your surroundings in blazing heat.
You are too hot to use scrolls.
You are very good at protecting items from fire.
You can tolerate rotten meat.
You cover ground quickly.


Message History

You start resting.
You're cooling off.
You start resting.
Your skin cools and hardens.
You start resting.
Yredelemnul's anger turns toward you for a moment.
Something reaches out for you...
A soul eater is nearby!
A soul eater is nearby!
Press: ? - help, v - describe, . - travel
Here: a soul eater (summoned)
The floor.
You feel clever all of a sudden.
It was a potion of brilliance.
Your stony skin melts.
The soul eater draws from the surrounding life force!
* * * LOW HITPOINT WARNING * * *
You're getting fired up.
The soul eater draws from the surrounding life force!
You die...

##### ....# ##### ....# #...#####
....# #.......# ....# #.......#
....############.......##########
................@.....3..........
............####.......#####)###.
##..........# #......## #.#
#..........# ###....# #)#
#....##....# #....# #)#
#....##._..# ###### #>.
#....##....# #.#. #....#######
....< #....# #.. ..


You could see a soul eater.

Vanquished Creatures
  Sigmund (D:4)
  An orc priest (D:4)
  An orc wizard (D:4)
  2 scorpions (D:4)
  6 adders
  An inept feature mimic (D:2)
  2 worms
  7 giant geckos
  5 orcs
  12 goblins
  5 hobgoblins
  3 jackals (D:3)
  2 oozes
  A quokka (D:3)
  3 ball pythons
  8 bats
  5 giant cockroaches
  4 giant newts
  10 kobolds
  12 rats
91 creatures vanquished.

Notes
Turn   | Place    | Note
--------------------------------------------------------------
     0 | D:1      | Nicoed, the Lava Orc Fighter, began the quest for the Orb.
     0 | D:1      | Reached XP level 1. HP: 19/19 MP: 1/1
   155 | D:1      | Reached XP level 2. HP: 20/27 MP: 2/2
   407 | D:1      | Found Eraesehi's Distillery.
   424 | D:1      | Bought a potion of might for 25 gold pieces
   607 | D:1      | Reached skill level 4 in Fighting
   607 | D:1      | Reached XP level 3. HP: 33/33 MP: 3/3
  1192 | D:2      | Found a radiant altar of Vehumet.
  1199 | D:2      | Reached skill level 1 in Dodging
  1547 | D:2      | Reached XP level 4. HP: 15/40 MP: 4/4
  2487 | D:3      | Found a burning altar of Makhleb.
  2597 | D:3      | Became a worshipper of Makhleb the Destroyer
  3188 | D:3      | Acquired Makhleb's first power
  3356 | D:4      | Reached XP level 5. HP: 27/46 MP: 5/5
  3481 | D:4      | Found a glowing golden altar of the Shining One.
  3844 | D:4      | Found a basalt altar of Yredelemnul.
  3857 | D:4      | Fell from the grace of Makhleb
  3857 | D:4      | Became a worshipper of Yredelemnul the Dark
  3874 | D:4      | Found a staircase to the Ecumenical Temple.
  3883 | D:4      | Noticed Sigmund
  3893 | Temple   | Entered the Ecumenical Temple
  3917 | Temple   | Fell from the grace of Yredelemnul
  3917 | Temple   | Became a worshipper of Warmaster Okawaru
  3986 | D:4      | Killed Sigmund
  4252 | D:4      | Reached XP level 6. HP: 21/53 MP: 6/6
  4435 | D:4      | Found a shimmering altar of Xom.
  4491 | D:4      | HP: 2/53 [orc priest/divine providence (14)]
  4495 | D:4      | Gained mutation: You cover ground quickly. [potion of beneficial mutation]
  4602 | D:4      | Noticed a soul eater
  4614 | D:4      | Killed from afar by a soul eater

Action                   |  1- 3 |  4- 6 || total
-------------------------+-------+-------++-------
Melee: Hand axe          |   142 |   216 ||   358
  Use: Scroll            |       |     3 ||     3
       Potion            |       |     6 ||     6
